 Dungeon Crawl Stone Soup version 0.17.0-28-g6e173f8 (webtiles) character file.

29379 HandofTrog the Fighter (level 13, -4/122 HPs)
             Began as a Minotaur Gladiator on Nov 30, 2015.
             Was a High Priest of the Shining One.
             Killed from afar by an electric eel (11 damage)
             ... with a bolt of electricity
             ... on level 3 of the Lair of Beasts.
             The game lasted 01:24:27 (19521 turns).

HandofTrog the Fighter (Minotaur Gladiator)        Turns: 19521, Time: 01:24:27

Health: -4/122     AC: 17    Str: 34    XL:     13   Next: 14%
Magic:  18/18      EV: 16    Int:  7    God:    the Shining One [*****.]
Gold:   973        SH:  0    Dex: 12    Spells: 3 memorised, 5 levels left

rFire  . . .     SeeInvis .     N - +1 quarterstaff
rCold  . . .     Clarity  .     V - +2 scale mail {MR+}
rNeg   + + .     SustAt   +     (shield currently unavailable)
rPois  .         Gourm    .     c - +0 hat
rElec  .         Spirit   .     Z - +1 cloak
rCorr  .         Warding  .     u - +0 pair of gloves
rMut   .         Stasis   .     w - +0 pair of boots
MR     +....                    r - amulet of the Dolphin {Faith Str+6}
Stlth  +.........               k - ring of the Wild Haggis {SustAt Str+4 Slay+2}
                                y - ring "Cynos" {Slay+4 Stlth+}

@: glowing, drained, somewhat resistant to hostile enchantments, very unstealthy
A: retaliatory headbutt, horns 2, clever 1
a: Divine Shield, Cleansing Flame, Summon Divine Warrior, Renounce Religion


You were on level 3 of the Lair of Beasts.
You worshipped the Shining One.
The Shining One was extremely pleased with you.
You were not hungry.

You visited 3 branches of the dungeon, and saw 15 of its levels.
You also visited: Labyrinth.

You collected 1006 gold pieces.
You donated 33 gold pieces to Zin.

Inventory:

Hand Weapons
 C - a +0 great sword
 N - a +1 quarterstaff (weapon)
Missiles
 d - 2 throwing nets
 n - 2 javelins
 D - 4 tomahawks (quivered)
Armour
 c - a +0 hat (worn)
 u - a +0 pair of gloves (worn)
 w - a +0 pair of boots (worn)
 O - a +0 buckler
 V - a +2 scale mail of magic resistance (worn)
 Z - a +1 cloak (worn)
Jewellery
 k - the ring of the Wild Haggis (right hand) {SustAt Str+4 Slay+2}
   (You found it on level 7 of the Dungeon)

   [ring of sustain attributes]

   It sustains your strength, intelligence and dexterity.
   It affects your strength (+4).
   It affects your accuracy and damage with ranged weapons and melee attacks
   (+2).
 r - the amulet of the Dolphin (around neck) {Faith Str+6}
   (You took it off a minotaur in a labyrinth)

   [amulet of faith]

   It allows you to gain divine favour quickly.
   It affects your strength (+6).
 y - the ring "Cynos" (left hand) {Slay+4 Stlth+}
   (You found it in a labyrinth)

   [ring of stealth]

   It affects your accuracy and damage with ranged weapons and melee attacks
   (+4).
   It makes you more stealthy.
Wands
 a - a wand of cold (8)
 F - a wand of fire (3)
 P - a wand of disintegration (24)
Scrolls
 h - 2 scrolls of blinking
 i - 2 scrolls of holy word {unknown}
 j - 9 scrolls of teleportation
 m - 3 scrolls of recharging
 s - 2 scrolls of magic mapping
 v - 7 scrolls of remove curse
 x - 2 scrolls of fog
 A - 2 scrolls of enchant weapon
 G - 2 scrolls of fear
 H - a scroll of enchant armour {unknown}
 L - a scroll of silence {unknown}
 U - 2 scrolls of amnesia
Potions
 b - a potion of magic
 f - 5 potions of cancellation
 g - a potion of lignification
 p - a potion of poison {unknown}
 q - a potion of might {unknown}
 z - 2 potions of flight
 B - a potion of cure mutation
 E - a potion of agility
 J - 3 potions of brilliance
 T - 5 potions of curing
Miscellaneous
 X - a plain deck of changes
Comestibles
 e - 9 bread rations
 l - 3 slices of pizza
 o - 12 fruits
 I - 8 meat rations
 K - 9 beef jerkies


   Skills:
 + Level 13.0(12.8) Fighting
 - Level 3.6(3.4) Staves
 - Level 7.6(7.3) Throwing
 + Level 12.8(12.5) Armour
 + Level 10.6(10.4) Dodging
 - Level 8.3(8.0) Shields
 * Level 9.2(9.0) Invocations


You had 5 spell levels left.
You knew the following spells:

 Your Spells              Type           Power        Failure   Level  Hunger
a - Blink                 Tloc           N/A          92%         2    ###....
b - Repel Missiles        Chrm/Air       #.....       92%         2    ###....
c - Conjure Flame         Conj/Fire      #.......     99%         3    ####...


Dungeon Overview and Level Annotations

Branches:
Dungeon (11/15)            Temple (1/1) D:6            Lair (3/8) D:11
  Snake (0/4) Lair:3          Orc (0/4) D:10
  Swamp: Lair:3-6    Shoals: Lair:3-6

Altars:
Ashenzari
Cheibriados
Dithmenos
Elyvilon
Fedhas
Gozag
Kikubaaqudgha
Makhleb
Nemelex Xobeh
Okawaru
Qazlal
Ru
Sif Muna
Trog
Vehumet
Xom
Yredelemnul
Zin
The Shining One

Shops:
D:9 *


Innate Abilities, Weirdness & Mutations

You reflexively headbutt those who attack you in melee.
You have a pair of horns on your head.
Your mind is acute. (Int +2)


Message History

The electric eel completely resists.
The electric eel shoots out a bolt of lightning at you!
The bolt of electricity hits you! x2
* * * LOW HITPOINT WARNING * * *
The bolt of electricity hits the electric eel.
The electric eel completely resists.
You are too injured to fight recklessly!
The electric eel shoots out a bolt of lightning at you!
The bolt of electricity hits the electric eel.
The electric eel completely resists.
The bolt of electricity hits you!
* * * LOW HITPOINT WARNING * * *
The electric eel shoots out a bolt of lightning at you!
The bolt of electricity hits you!
* * * LOW HITPOINT WARNING * * *
The electric eel shoots out a bolt of lightning at you!
The bolt of electricity hits the electric eel.
The electric eel completely resists.
The bolt of electricity misses you.
The electric eel shoots out a bolt of lightning at you!
The bolt of electricity hits you!
You die...

...≈≈≈≈(......<....P#
...≈≈≈≈;≈...#......##
....≈≈≈;(..........#
#..≈.≈≈†#..........#
##...≈≈≈#...........#
...###≈#........P..##
#########P.#
###.....##.....##
#P.##.#.P..# #...<........P#
...........## ##@..........##
............###.#..........P#
..###.#....................##
..# ####.......##..#.).....##
..# ##...<.........#.....P#
### #..............P.....##
.# ##.#.#...#............#
.#######..###P.P.(..........#
...#P#.P.## #...(....#......#


You could see 2 electric eels.

Vanquished Creatures
  A minotaur (Lab)
  A hydra (Lair:2)
  Sonja (Lair:3)
  An unseen horror (D:11)
  Pikel (D:5)
  4 hill giants
  6 elephants (Lair:3)
  A black mamba (Lair:1)
  Psyche (D:8)
  6 komodo dragons
  7 spiny frogs
  A fire drake (Lair:2)
  A two-headed ogre (D:8)
  2 trolls (D:10)
  7 blink frogs
  3 wyverns
  31 yaks
  A deep elf fighter (D:11)
  2 deep elf magi
  The ghost of bollicks1999 the Skirmisher, an amateur HOFi (D:3)
  5 hippogriffs
  5 basilisks
  11 porcupines
  A soldier ant (D:11)
  4 nagas (Lair:3)
  10 water moccasins
  4 sky beasts
  6 ogres
  An eye of draining (D:8)
  2 ice beasts
  6 necrophages
  An orc warrior (D:8)
  4 crocodiles
  7 centaurs
  2 big kobolds
  15 giant frogs
  4 scorpions
  16 wights
  2 vampire bats (D:2)
  5 crimson imps
  An electric eel (Lair:3)
  3 orc priests
  A quasit (D:7)
  A centaur zombie (D:10)
  2 giant frog zombies
  5 hounds
  8 iguanas
  6 orc wizards
  3 centaur skeletons
  3 jellies
  Terence (D:2)
  2 giant frog skeletons
  A hell rat (Lair:2)
  11 worker ants
  7 sheep (Lair:2)
  2 killer bee zombies (D:8)
  A hound zombie (D:7)
  2 hound skeletons (D:5)
  A worker ant zombie (D:8)
  10 gnolls
  22 river rats
  2 shadow imps
  17 adders
  2 oozes
  2 adder zombies
  7 worms
  7 giant geckos
  52 orcs
  3 ball pythons
  16 bats
  4 bat skeletons (D:2)
  A bat zombie (D:2)
  3 giant cockroaches
  11 hobgoblins
  25 jackals
  19 kobolds
  5 quokkas
  A giant gecko skeleton (D:4)
  5 giant newts
  10 goblins
  22 rats
  A bush (D:8)
  2 plants (D:8)
500 creatures vanquished.

Vanquished Creatures (others)
  3 river rats (Lair:3)
  A bat (D:2)
  18 fungi
  10 plants
32 creatures vanquished.

Grand Total: 532 creatures vanquished

Notes
Turn   | Place    | Note
--------------------------------------------------------------
     0 | D:1      | HandofTrog the Minotaur Gladiator began the quest for the Orb.
     0 | D:1      | Reached XP level 1. HP: 18/18 MP: 0/0
   138 | D:1      | Reached XP level 2. HP: 20/26 MP: 1/1
   635 | D:1      | Reached skill level 4 in Fighting
   878 | D:2      | Reached XP level 3. HP: 21/34 MP: 2/2
  1252 | D:2      | Found a faded altar to an unknown god.
  1252 | D:2      | Noticed Terence
  1268 | D:2      | Killed Terence
  1268 | D:2      | Reached skill level 5 in Fighting
  1268 | D:2      | Reached XP level 4. HP: 26/42 MP: 3/3
  1468 | D:2      | Became a worshipper of Zin the Law-Giver
  1468 | D:2      | Reached * piety under Zin
  1606 | D:2      | Found a radiant altar of Vehumet.
  1709 | D:2      | Found an ancient bone altar of Kikubaaqudgha.
  1709 | D:2      | Noticed a vampire bat
  1709 | D:2      | Noticed a vampire bat
  1713 | D:2      | Killed a vampire bat
  1713 | D:2      | Reached skill level 6 in Fighting
  1713 | D:2      | Reached XP level 5. HP: 44/51 MP: 4/4
  1717 | D:2      | Killed a vampire bat
  1819 | D:2      | Reached skill level 7 in Fighting
  1873 | D:2      | Reached ** piety under Zin
  2463 | D:3      | Noticed bollicks1999's ghost (amateur HOFi)
  2478 | D:3      | Killed bollicks1999's ghost
  2478 | D:3      | Reached skill level 8 in Fighting
  2478 | D:3      | Reached XP level 6. HP: 14/62 MP: 5/5
  3171 | D:3      | Reached skill level 9 in Fighting
  3194 | D:3      | Reached XP level 7. HP: 66/70 MP: 6/6
  3690 | D:4      | Reached *** piety under Zin
  3856 | D:4      | Reached skill level 10 in Fighting
  4312 | D:4      | Reached skill level 1 in Armour
  4695 | D:5      | Entered Level 5 of the Dungeon
  4882 | D:5      | Reached XP level 8. HP: 80/80 MP: 7/7
  5163 | D:5      | Reached **** piety under Zin
  5279 | D:5      | Noticed Pikel
  5299 | D:5      | Killed Pikel
  5299 | D:5      | Reached skill level 11 in Fighting
  5299 | D:5      | Reached skill level 5 in Armour
  5467 | D:5      | Reached skill level 5 in Dodging
  5986 | D:6      | Found an opulent altar of Gozag.
  6011 | D:6      | Reached XP level 9. HP: 89/89 MP: 8/8
  6533 | D:6      | Found a stormy altar of Qazlal.
  6593 | D:6      | Found a staircase to the Ecumenical Temple.
  6655 | Temple   | Entered the Ecumenical Temple
  6706 | Temple   | Fell from the grace of Zin
  6706 | Temple   | Became a worshipper of the Shining One
  6706 | Temple   | Reached * piety under the Shining One
  6706 | Temple   | Reached ** piety under the Shining One
  6866 | Temple   | Gained mutation: Your mind is acute. (Int +2) [potion of beneficial mutation]
  7412 | D:7      | Reached skill level 5 in Throwing
  7775 | D:7      | Got a slimy brass ring
  7777 | D:7      | Identified the ring of the Wild Haggis {SustAt Str+4 Slay+2} (You found it on level 7 of the Dungeon)
  7833 | D:7      | You fall through a shaft for 2 floors!
  7840 | D:9      | Found a deep blue altar of Sif Muna.
  7976 | D:9      | Learned a level 2 spell: Blink
  8360 | D:9      | Found Namek's Demolitions Depot.
  8444 | D:9      | Reached skill level 1 in Shields
  8567 | D:9      | Reached XP level 10. HP: 85/95 MP: 9/9
  8879 | D:9      | Reached *** piety under the Shining One
  9211 | D:8      | Found a stormy altar of Qazlal.
  9243 | D:8      | Found a blossoming altar of Fedhas.
  9342 | D:8      | Noticed Psyche
  9352 | D:8      | Killed Psyche
 10246 | D:8      | Reached skill level 10 in Armour
 10246 | D:8      | Reached skill level 5 in Shields
 10375 | D:7      | Reached **** piety under the Shining One
 10618 | D:10     | Entered Level 10 of the Dungeon
 10725 | D:10     | Learned a level 2 spell: Repel Missiles
 10731 | D:10     | Learned a level 3 spell: Conjure Flame
 10750 | D:10     | Found a staircase to the Orcish Mines.
 10763 | D:10     | Noticed a hill giant
 10775 | D:10     | Killed a hill giant
 11204 | D:10     | Noticed a hill giant
 11225 | D:10     | Killed a hill giant
 11611 | D:10     | Reached XP level 11. HP: 99/102 MP: 10/10
 12081 | D:11     | Noticed a hill giant
 12084 | D:11     | Found a staircase to the Lair.
 12156 | D:11     | Killed a hill giant
 12659 | D:11     | Noticed an unseen horror
 12679 | D:11     | Killed an unseen horror
 12679 | D:11     | Reached skill level 1 in Invocations
 12733 | D:11     | Noticed a hill giant
 12741 | D:11     | Killed a hill giant
 12809 | D:11     | Reached ***** piety under the Shining One
 13695 | Lair:1   | Entered Level 1 of the Lair of Beasts
 13726 | Lair:1   | HP: 4/102 [yak (9)]
 13939 | Lair:1   | Found a labyrinth entrance.
 13954 | Lab      | Entered a labyrinth
 14091 | Lab      | Found an exit through the horrors of the Abyss.
 14392 | Lab      | Noticed a minotaur
 14399 | Lab      | Killed a minotaur
 14399 | Lab      | Reached skill level 5 in Invocations
 14401 | Lab      | Got a heavily runed brass amulet
 14408 | Lab      | Got a twitching bronze ring
 14411 | Lab      | Identified the amulet of the Dolphin {Faith Str+6} (You took it off a minotaur in a labyrinth)
 14413 | Lab      | Identified the ring "Cynos" {Slay+4 Stlth+} (You found it in a labyrinth)
 14425 | Lab      | Identified a +1 rod of destruction (11/11) (You found it in a labyrinth)
 14699 | Lair:1   | Reached XP level 12. HP: 112/112 MP: 14/14
 15023 | Lair:1   | Reached skill level 12 in Fighting
 15767 | Lair:2   | Noticed a five-headed hydra
 16444 | Lair:2   | Killed a five-headed hydra
 16444 | Lair:2   | Reached skill level 10 in Dodging
 18432 | Lair:3   | Reached XP level 13. HP: 81/119 MP: 18/18
 18746 | Lair:3   | Found a staircase to the Snake Pit.
 18931 | Lair:3   | Reached skill level 13 in Fighting
 19039 | Lair:3   | Noticed Sonja
 19055 | Lair:3   | Killed Sonja
 19521 | Lair:3   | Killed from afar by an electric eel

Action                   |  1- 3 |  4- 6 |  7- 9 | 10-12 | 13-15 || total
-------------------------+-------+-------+-------+-------+-------++-------
Melee: Quarterstaff      |    72 |   160 |   399 |   567 |    67 ||  1265
Throw: Throwing net      |     1 |       |       |     4 |     2 ||     7
       Tomahawk          |       |       |       |    33 |     5 ||    38
Invok: Recite            |       |     1 |     3 |       |       ||     4
       Divine Shield     |       |       |     1 |     3 |       ||     4
Evoke: Wand              |       |       |       |     1 |       ||     1
  Use: Potion            |       |     1 |     3 |     9 |       ||    13
       Scroll            |       |       |     8 |    17 |       ||    25
 Stab: Held in net/web   |     2 |       |       |     4 |       ||     6
       Sleeping          |       |       |     5 |       |       ||     5
       Confused          |       |       |     1 |       |       ||     1
       Invisible         |       |       |     1 |       |       ||     1
  Eat: Fruit             |     1 |       |       |       |       ||     1
       Chunk             |       |     4 |    11 |    14 |       ||    29
       Bread ration      |       |     1 |     1 |     4 |     1 ||     7
